 Dungeon Crawl Stone Soup version 0.22-a0-362-g535178c (webtiles) character file.

59 iamserjio the Skirmisher (level 4, 0/49 HPs)
             Began as an Ogre Berserker on Apr 20, 2018.
             Was a Follower of Trog.
             Succumbed to Sigmund's poison
             ... on level 2 of the Dungeon.
             The game lasted 00:02:46 (1580 turns).

iamserjio the Skirmisher (Ogre Berserker)           Turns: 1580, Time: 00:02:46

Health: 0/49       AC:  3    Str: 21    XL:     4   Next: 3%
Magic:  4/4        EV: 10    Int:  8    God:    Trog [*.....]
Gold:   65         SH:  0    Dex:  9    Spells: 3/3 levels left

rFire    . . .     SeeInvis .   a - +0 hand axe
rCold    . . .     Gourm    .   (no shield)
rNeg     . . .     Faith    .   b - +0 animal skin
rPois    .         Spirit   .   (helmet restricted)
rElec    .         Reflect  .   (no cloak)
rCorr    .         Harm     .   (gloves unavailable)
MR       .....                  (boots unavailable)
Stlth    +.........             (no amulet)
HPRegen  0.16/turn              (no ring)
MPRegen  0.09/turn              (no ring)

@: confused, lethally poisoned (0 -> -22), berserk cooldown, slowed, very slow
A: large, unfitting armour, tough skin 1
a: Berserk, Renounce Religion


You were on level 2 of the Dungeon.
You worshipped Trog.
Trog was aware of your devotion.
You were very hungry.

You visited 1 branch of the dungeon, and saw 2 of its levels.

You collected 65 gold pieces.

Inventory:

Hand Weapons
 a - a +0 hand axe (weapon)
Armour
 b - a +0 animal skin (worn)
Jewellery
 i - an uncursed ring of protection from fire {unknown}
Scrolls
 d - a scroll of teleportation {unknown}
 f - 2 scrolls of remove curse {unknown}
 g - 3 scrolls of identify {unknown}
 k - a scroll of magic mapping {unknown}
Potions
 e - a potion of mutation {unknown}
 h - a potion of haste {unknown}
Comestibles
 c - 4 rations


   Skills:
 + Level 4.6 Fighting
 * Level 4.0 Axes
 + Level 3.1 Dodging


You had 3 spell levels left.
You didn't know any spells.

Dungeon Overview and Level Annotations

Branches:
Dungeon (2/15)

Altars:
Sif Muna

Annotations:
D:2 Sigmund


Innate Abilities, Weirdness & Mutations

You are too large for most types of armour.
You have tough skin. (AC +1)


Message History

You feel sick.
You hit Sigmund.
Sigmund is almost dead.
* * * LOW HITPOINT WARNING * * *
You feel sick.
Sigmund points at you and mumbles some strange words.
You are confused.
You are too berserk!
* * * LOW HITPOINT WARNING * * *
You feel sick.
Sigmund points at you and mumbles some strange words.
You are more confused.
You feel a strong urge to attack something.
* * * LOW HITPOINT WARNING * * *
You feel sick.
You are too berserk!
You are no longer berserk.
You are exhausted.
You feel yourself slow down.
You die...

#######)#.....# #.##..
..............#####.##..
#.####.#####.#......'..
#.......#.###.##..
#..######.# #..... #
#......##.######## #.
#.####.##.........
###.####.# #####.###.
#.......@####.# #.###'
###.#.........# ###≈≈.
#.######### #≈≈). #@#
#≈≈.. #.# #≈≈._ #.#
#≈≈.. #.# #≈≈≈≈ #.#
##≈≈≈ #.# ####


There were no monsters in sight!

Vanquished Creatures
  An adder (D:2)
  3 worms (D:2)
  A dart slug (D:2)
  3 leopard geckos
  An orc (D:2)
  7 bats (D:1)
  2 giant cockroaches
  A goblin (D:1)
  2 hobgoblins (D:1)
  6 kobolds
  A quokka (D:2)
  4 frilled lizards
  5 rats
37 creatures vanquished.

Notes
Turn   | Place    | Note
-------+----------+-------------------------------------------
     0 | D:1      | iamserjio the Ogre Berserker began the quest for the Orb.
     0 | D:1      | Reached XP level 1. HP: 24/24 MP: 1/1
   261 | D:1      | Reached XP level 2. HP: 29/32 MP: 2/2
   985 | D:2      | Reached XP level 3. HP: 40/40 MP: 3/3
  1512 | D:2      | Found a deep blue altar of Sif Muna.
  1539 | D:2      | Reached XP level 4. HP: 42/49 MP: 4/4
  1561 | D:2      | Noticed Sigmund
  1578 | D:2      | HP: 2/73 [poisoned by Sigmund]
  1580 | D:2      | Succumbed to Sigmund's poison

Vault maps used:
D:1:      roderic_octagonal_star
D:2:      led_sif_pool, kennysheep_generic_room_14, uniq_sigmund, uniq_jessica

Skill      XL: |  1  2  3 |
---------------+----------+-----
Dodging        | 3 |  3.1
Axes           | 4 |  4.0
Fighting       | |  4.6

Action                   |  1- 3 |  4- 6 || total
-------------------------+-------+-------++-------
Melee: Hand axe          |   113 |    19 ||   132
Invok: Berserk           |       |     1 ||     1
  Eat: Chunk             |     2 |       ||     2
Armor: Animal skin       |    50 |     2 ||    52
Dodge: Dodged            |    71 |     5 ||    76

Table legend:
 A = Spawn XP
 B = Non-spawn XP
 C = Spawn XP percentage of total XP
 D = Spawn monster count
 E = Non-spawn monster count
 F = Spawn count percentage of total count
 G = Total turns spent on level
                    A         B        C        D         E        F      G
               +---------+---------+-------+---------+---------+-------+---------
         Total |       0 |      85 |   0.0 |       0 |      37 |   0.0 |  1580
               +---------+---------+-------+---------+---------+-------+---------
           D:1 |       0 |      30 |   0.0 |       0 |      19 |   0.0 |   921
           D:2 |       0 |      55 |   0.0 |       0 |      18 |   0.0 |   659
               +---------+---------+-------+---------+---------+-------+---------
